 Dungeon Crawl Stone Soup version 0.25.1-2-g60ff931df9 (webtiles) character file.

Game seed: 15107043238139958625

132 H0rd4k the Magician (level 4, -1/24 HPs)
             Began as a Deep Elf Wizard on Oct 22, 2020.
             Slain by an orc
             ... wielding a +0 club
              (3 damage)
             ... on level 2 of the Dungeon.
             The game lasted 00:04:31 (2158 turns).

H0rd4k the Magician (Deep Elf Wizard)               Turns: 2158, Time: 00:04:32

Health: -1/24      AC:  2    Str:  4    XL:     4   Next: 92%
Magic:  1/14       EV: 13    Int: 24    God:
Gold:   97         SH:  0    Dex: 13    Spells: 6/15 levels left

rFire    + . .     SeeInvis .   (no weapon)
rCold    . . .     Gourm    .   (no shield)
rNeg     . . .     Faith    .   a - +0 robe
rPois    .         Spirit   .   b - +0 hat
rElec    .         Reflect  .   (no cloak)
rCorr    .         Harm     .   (no gloves)
MR       .....                  (no boots)
Stlth    ++........             (no amulet)
HPRegen  0.08/turn              g - ring of wizardry
MPRegen  0.14/turn              n - ring of protection from fire

@: no status effects
A: no striking features
a: no special abilities


You were on level 2 of the Dungeon.
You were not hungry.

You visited 1 branch of the dungeon, and saw 2 of its levels.

You collected 97 gold pieces.

Inventory:

Missiles
 k - 20 poisoned darts (quivered)
Armour
 a - a +0 robe (worn)
 b - a +0 hat (worn)
Jewellery
 g - a ring of wizardry (left hand)
 n - a ring of protection from fire (right hand)
Scrolls
 e - 2 scrolls of remove curse {unknown}
 h - a scroll of teleportation {unknown}
 i - a scroll of amnesia {unknown}
 j - a scroll of identify {unknown}
 l - a scroll of fear {unknown}
 o - a scroll of magic mapping {unknown}
Potions
 c - a potion of resistance
 f - 2 potions of degeneration {unknown}
 p - a potion of heal wounds {unknown}
Comestibles
 d - 5 rations
 m - 5 chunks of flesh


   Skills:
 + Level 0.8 Fighting
 + Level 2.5 Dodging
 + Level 3.0 Stealth
 + Level 6.1 Spellcasting
 + Level 2.4 Conjurations
   Level 1.1 Summonings
 + Level 1.1 Translocations
 * Level 1.2 Fire Magic
 * Level 0.2 Air Magic
 * Level 0.5 Poison Magic


You had 6 spell levels left.
You knew the following spells:

 Your Spells              Type           Power        Failure   Level  Hunger
a - Magic Dart            Conj           ###.         1%          1    None
b - Blink                 Tloc           N/A          3%          2    None
c - Conjure Flame         Conj/Fire      ###.....     4%          3    #......
d - Mephitic Cloud        Conj/Pois/Air  ##......     6%          3    #......

Your spell library contained the following spells:

 Spells                   Type           Power        Failure   Level  Hunger
 Call Imp                 Summ           ##......     3%          2    None
 Slow                     Hex            #.......     4%          2    None


Dungeon Overview and Level Annotations

Branches:
Dungeon (2/15)

Altars:
Uskayaw


Message History

Confirm with . or Enter, or press ? or * to list all spells.
Aiming: Magic Dart (safe; 1% risk of failure)
Press: ? - help, Shift-Dir - straight line, f/p - orc priest
Aim: an orc priest, wielding a +0 short sword and wearing a +0 scale mail (moderately wounded)
The magic dart hits the orc priest but does no damage.
The orc priest is moderately wounded.
The orc priest hits you with a +0 short sword.
* * * LOW HITPOINT WARNING * * *
The orc hits you but does no damage.
Casting: Magic Dart (safe; 1% risk of failure)
Confirm with . or Enter, or press ? or * to list all spells.
Aiming: Magic Dart (safe; 1% risk of failure)
Press: ? - help, Shift-Dir - straight line, f/p - orc priest
Aim: an orc priest, wielding a +0 short sword and wearing a +0 scale mail (moderately wounded)
The magic dart hits the orc priest but does no damage.
The orc priest is moderately wounded.
The orc priest hits you with a +0 short sword.
* * * LOW HITPOINT WARNING * * *
The orc hits you with a +0 club.
You die...

#...........#.......#
#........##........##
..####......#....(.......#
...........)_#..............
...####......#.#).#.......#..
#...........#.8...8.#..
#...........#.......#.#
#.8.8.8.....# #..
#.....@.....#.......#..
####.#oo.##.#.8o..8.#..
#.....##.#.o.....#..
####.<......##..o..##..
./...........###ooo###..
#..........†..#######...
..###.[###)..).......... #
#.. #.###......÷... #..
#..#......######


You could see an orc priest and an orc.

Vanquished Creatures
  An orc wizard (D:2)
  4 adders
  An ooze (D:1)
  A worm (D:2)
  A dart slug (D:1)
  A leopard gecko (D:2)
  2 orcs (D:2)
  2 giant cockroaches
  8 goblins
  9 hobgoblins
  2 jackals (D:2)
  7 kobolds
  A quokka (D:2)
  A bat (D:1)
  6 frilled lizards
  4 rats
51 creatures vanquished.

Notes
Turn   | Place    | Note
-------+----------+-------------------------------------------
     0 | D:1      | H0rd4k the Deep Elf Wizard began the quest for the Orb.
     0 | D:1      | Reached XP level 1. HP: 10/10 MP: 7/7
     3 | D:1      | Noticed an electric eel
     3 | D:1      | Noticed an electric eel
   338 | D:1      | Reached skill level 5 in Spellcasting
   338 | D:1      | Reached XP level 2. HP: 15/15 MP: 5/10
  1193 | D:2      | Reached XP level 3. HP: 17/19 MP: 6/12
  1634 | D:2      | Found a hide-covered altar of Uskayaw.
  1711 | D:2      | Learned a level 2 spell: Blink
  1715 | D:2      | Learned a level 3 spell: Conjure Flame
  1719 | D:2      | Learned a level 3 spell: Mephitic Cloud
  1861 | D:2      | Reached XP level 4. HP: 20/24 MP: 6/13
  1952 | D:2      | Reached skill level 1 in Fire Magic
  1956 | D:2      | Reached skill level 6 in Spellcasting
  2158 | D:2      | Slain by an orc

Illustrated notes

Levels and vault maps discovered:
D:1:      arrival_aquarium_b, layout_loops_ring, minmay_hedge_maze
D:2:      cheibrodos_pilgrimage, layout_rooms, eat_drink_and_be_merry_uskayaw

Skill      XL: |  1  2  3  4 |
---------------+-------------+-----
Spellcasting   | 5 6 |  6.1
Stealth        | 3 |  3.0
Conjurations   | 2 |  2.4
Fire Magic     | 1 |  1.2
Fighting       | |  0.8
Dodging        | |  2.5
Summonings     | |  1.1
Translocations | |  1.1
Air Magic      | |  0.2
Poison Magic   | |  0.5

Action                   |  1- 3 |  4- 6 || total
-------------------------+-------+-------++-------
 Cast: Magic Dart        |   109 |    40 ||   149
  Use: Potion            |     2 |       ||     2
  Eat: Chunk             |     3 |     1 ||     4
Armor: Robe              |       |     1 ||     1
Dodge: Dodged            |    18 |     9 ||    27
